 Dungeon Crawl Stone Soup version 0.29.1-1-gd02db6906a (webtiles) character file.

Game seed: 2711180636371344448

75698 unlimited1921 the Eclecticist (level 15, -3/99 HPs)
             Began as a Djinni Fire Elementalist on Sept 27, 2022.
             Was the Champion of Qazlal.
             Splashed with acid (16 damage)
             ... on level 1 of the Pits of Slime.
             The game lasted 03:09:15 (20587 turns).

unlimited1921 the Eclecticist (DjFE)               Turns: 20587, Time: 03:09:23

Health: -3/99      AC: 14    Str:  3    XL:     15   Next: 99%
Gold:   621        EV: 16    Int: 23    God:    Qazlal [******] SH:  8 Dex: 26

rFire   + + +      SeeInvis .   m - +8 scimitar "Maag" {freeze, Drain rN++ Dex+5}
rCold   . . .      Faith    .   O - orb {*Rage}
rNeg    + + .      Spirit   .   q - +1 leather armour of the Lily {Rampage Regen+ rCorr Str-4}
rPois   ∞          Reflect  .   V - +1 helmet
rElec   +          Harm     +   a - scarf {harm}
rCorr   +          Rampage  +   U - +2 pair of gloves
Will    +....      Rage     20% (boots unavailable)
Stlth   +.........              f - amulet of regeneration
HPRegen 1.86/turn               X - +4 ring of protection
MPRegen 0.00/turn               g - +6 ring of dexterity

@: resistant, flying, studying Invocations, repel missiles
A: sickness immunity, fire resistance 2, cold vulnerability 1, float, innate
caster, HP casting, extra vitality 1, robust 1
a: Renounce Religion, Upheaval, Elemental Force, Disaster Area


You were on level 1 of the Pits of Slime.
You worshipped Qazlal.
Qazlal was exalted by your worship.
You visited 5 branches of the dungeon, and saw 20 of its levels.
You also visited: Sewer and Bailey.

You collected 1063 gold pieces.
You spent 442 gold pieces at shops.

Inventory:

Hand Weapons
 m - the +8 scimitar "Maag" (weapon) {freeze, Drain rN++ Dex+5}
   (You found it on level 9 of the Dungeon)

   It freezes those it strikes, dealing additional cold damage.
   It can also slow down cold-blooded creatures.
   Dex:       It affects your dexterity (+5).
   rN:        It greatly protects you from negative energy.
   Drain:     It drains your maximum health when unequipped.
 P - the +7 captain's cutlass {speed, disarm}
   (You found it on level 5 of the Lair of Beasts)

   Attacks with this weapon are significantly faster.
   It may disarm weapon-wielding foes when striking them, dealing extra damage
   in the process.
 T - a +6 hand axe of venom
Missiles
 b - 214 stones
 A - a throwing net
 D - 44 poisoned darts
Armour
 a - a scarf of harm (worn)
 q - the +1 leather armour of the Lily (worn) {Rampage Regen+ rCorr Str-4}
   (You found it on level 2 of the Dungeon)

   Str:       It affects your strength (-4).
   Regen:     It increases your rate of health regeneration.
   rCorr:     It protects you from acid and corrosion.
   Rampage:   It bestows one free step when moving towards enemies.
 N - a +3 chain mail
 O - an orb of wrath (worn)
 R - a +0 kite shield
 U - a +2 pair of gloves (worn)
 V - a +1 helmet (worn)
 Y - a +1 robe of cold resistance
Jewellery
 f - an amulet of regeneration (around neck)
 g - a +6 ring of dexterity (right hand)
 x - a ring of willpower
 F - a ring of positive energy
 X - a +4 ring of protection (left hand)
Wands
 y - a wand of flame (63) (quivered)
 G - a wand of quicksilver (5)
 I - a wand of mindburst (21)
 J - a wand of digging (7)
 K - a wand of iceblast (8)
 M - a wand of polymorph (2)
Scrolls
 d - a scroll of enchant weapon {unknown}
 i - a scroll of silence
 j - 2 scrolls of fog
 l - 4 scrolls of enchant armour
 n - 8 scrolls of teleportation
 o - 4 scrolls of noise
 t - 4 scrolls of fear
 u - 4 scrolls of brand weapon
 v - a scroll of magic mapping
 C - 4 scrolls of amnesia {unknown}
 E - 2 scrolls of poison
 H - 4 scrolls of immolation
 S - 2 scrolls of torment {unknown}
 W - 3 scrolls of identify
Potions
 c - 2 potions of cancellation
 e - 4 potions of brilliance
 h - a potion of heal wounds
 p - 5 potions of mutation
 r - 2 potions of resistance
 s - 4 potions of might
 w - 5 potions of haste
 z - 9 potions of curing
 B - a potion of lignification
 L - a potion of ambrosia
 Q - 5 potions of invisibility
Miscellaneous
 Z - a box of beasts


   Skills:
 + Level 2.7 Fighting
 + Level 2.7 Long Blades
 + Level 5.4 Armour
 + Level 6.5 Dodging
 + Level 3.0 Stealth
 + Level 2.7 Shields
 + Level 18.0 Spellcasting
 * Level 12.8 Invocations
 + Level 0.8 Evocations


You had 12 spell levels left.
You knew the following spells:

 Your Spells              Type           Power      Damage    Failure   Level
a - Foxfire               Conj/Fire      100%       2x1d9     0%          1
b - Scorch                Fire           100%       2d10      0%          2
c - Conjure Flame         Conj/Fire      80%        6-21      0%          3
d - Inner Flame           Hex/Fire       80%        N/A       0%          3
e - Flame Wave            Conj/Fire      80%        2d17      1%          4
f - Beastly Appendage     Tmut           100%       N/A       0%          1
g - Ensorcelled Hibernat  Hex/Ice        100%       N/A       0%          2
h - Ignite Poison         Fire/Tmut/Pois 80%        N/A       0%          3
i - Anguish               Hex/Necr       40%        N/A       1%          4
j - Hailstorm             Conj/Ice       80%        3d16      1%          4
k - Summon Mana Viper     Hex/Summ       80%        N/A       1%          5
l - Summon Cactus Giant   Summ           40%        N/A       1%          6
Your spell library was empty.

Dungeon Overview and Level Annotations

Branches:
Dungeon (11/15)            Temple (1/1) D:6            Lair (5/5) D:11
  Swamp (2/4) Lair:2       Spider (0/4) Lair:2        Slime (1/5) Lair:4
  Sewer (visited)          Bailey (visited)
    Orc: D:9-12

Altars:
Ashenzari
Cheibriados
Dithmenos
Elyvilon
Fedhas
Gozag
Hepliaklqana
Makhleb
Nemelex Xobeh
Okawaru
Qazlal
Ru
Trog
Uskayaw
Wu Jian
Xom
Yredelemnul
Zin
The Shining One
Jiyva

Shops:
D:5 *   D:9 *=::   D:11 ?


Innate Abilities, Weirdness & Mutations

You are immune to sickness and miasma.
You are immune to poison.
Your flesh is very heat resistant. (rF++)
You are vulnerable to cold. (rC-)
You float through the air rather than walking.
You learn spells naturally, not from books.
Your magical power is your life essence.
You have superior vitality. (+4 MHP)
You are robust. (+10% HP)


Message History

* * * LOW HITPOINT WARNING * * *
The walls burn your cactus giant!
You feel much better.
You are splashed with acid!
* * * LOW HITPOINT WARNING * * *
The walls burn your cactus giant!
Your cactus giant hits the acid blob with a +0 giant spiked club!
Your cactus giant is burned by acid!
You feel much better.
You are splashed with acid!
* * * LOW HITPOINT WARNING * * *
The acid blob is struck by your cactus giant's spines.
The acid blob hits your cactus giant!!
Your cactus giant is splashed with acid.
The acid corrodes your cactus giant!
You feel protected.
You are splashed with acid!
* * * LOW HITPOINT WARNING * * *
The acid blob is struck by your cactus giant's spines.
The acid blob hits your cactus giant!
Your cactus giant is splashed with acid.
Your cactus giant seems to be corroded for longer.
You feel much better.
You are splashed with acid!
* * * LOW HITPOINT WARNING * * *
The acid blob is struck by your cactus giant's spines.
The acid blob hits your cactus giant!
Your cactus giant is splashed with acid.
Your cactus giant seems to be corroded for longer.
The acid blob is struck by your cactus giant's spines.
The acid blob hits your cactus giant!!
Your cactus giant is splashed with acid.
Your cactus giant seems to be corroded for longer.
Your cactus giant is destroyed!
Your cactus giant disappears in a puff of smoke!
Activating: Disaster Area (1% risk of failure)
Press: ? - help, Dir - look around, f - activate Nature churns violently around you!
The blast of rubble hits the acid blob!!
You kill the acid blob!
Qazlal accepts your kill.
You are splashed with acid!
You die...

#...........#
..........§.##
#.#...≈...§..#
#.....§#.§§##
#§.§§§..# ...
##§#§#.###..#
#.§§#####...##
###..§# #.....#
##.##@#####....#
##...#.##.##....#
#.....°........##
##..............#
##§.§......<..##
##.§....§#..^..## .
##.#.§..§.#......#
#.##...#.....#......#
#...................#


There were no monsters in sight!

Vanquished Creatures
  An acid blob (Slime:1)
  A thorn hunter (Swamp:1)
  2 quicksilver oozes (Slime:1)
  The ghost of GravelGoth the Unseen, a journeyman KoEn of Dithmenos (Lair:2)
  Josephine (D:11)
  5 hydras
  A boulder beetle (Lair:1)
  Harold (D:10)
  A merfolk avatar (Lair:5)
  2 centaur warriors (D:9)
  Erica (D:8)
  2 tengu warriors (D:9)
  4 alligators
  8 death yaks
  Sonja (D:10)
  2 sea snakes
  3 bog bodies
  3 swamp dragons (Swamp:1)
  A harpy (Lair:5)
  An orc knight (Bailey)
  An orc sorcerer (Bailey)
  A manticore (Lair:5)
  A cyclops (D:9)
  7 elephants
  5 black mambas
  11 cane toads
  3 rime drakes (Lair:5)
  2 torpor snails
  2 gargoyles
  An unseen horror (D:10)
  4 komodo dragons
  A tengu conjurer (D:9)
  2 kobold demonologists
  A meliai (Lair:2)
  3 trolls
  2 hornets
  A polar bear (Lair:3)
  7 blink frogs
  2 dream sheep (Lair:5)
  8 slime creatures
  2 tyrant leeches (Swamp:1)
  2 snapping turtles (Lair:5)
  A shadow (D:9)
  Sigmund (D:4)
  6 wyverns
  68 yaks
  A basilisk (Lair:1)
  3 wraiths (D:11)
  Grum (D:10)
  4 steam dragons
  Menkaure (D:5)
  3 swamp worms
  16 water moccasins
  A sky beast (D:7)
  14 orc warriors
  4 black bears
  2 ogres
  2 centaurs
  11 wolves
  2 phantoms
  6 kobold brigands
  12 bullfrogs
  2 scorpions
  A gnoll sergeant (D:11)
  A necrophage (D:6)
  9 wights
  5 killer bees
  12 electric eels
  7 howler monkeys
  8 hounds
  11 orc priests
  3 jellies
  2 iguanas
  13 orc wizards
  Terence (D:2)
  12 gnolls
  8 adders
  2 river rats (D:3)
  A shadow imp (D:7)
  2 white imps
  An ufetubus (D:6)
  5 worms
  2 dart slugs
  50 orcs
  4 bats
  4 endoplasms
  5 giant cockroaches
  27 goblins
  18 hobgoblins
  3 jackals (D:1)
  8 quokkas
  7 ball pythons
  3 frilled lizards
  27 kobolds
  6 rats
  A bush (Lair:2)
  A butterfly (Lair:3)
  22 foxfires
564 creatures vanquished.

Vanquished Creatures (collateral kills)
  A hydra (Lair:5)
  Fannar (Lair:2)
  2 death yaks (Lair:3)
  Nergalle (Lair:1)
  A bog body (Swamp:1)
  A manticore (Lair:5)
  An elephant (Lair:5)
  3 torpor snails
  2 cane toads
  A rime drake (Lair:5)
  A komodo dragon (Lair:5)
  A polar bear (Lair:2)
  A tyrant leech (Swamp:1)
  6 slime creatures
  4 yaks
  A basilisk (Lair:5)
  2 water moccasins
  A bullfrog (Lair:2)
  A killer bee (Lair:2)
  A jelly (Lair:4)
  28 foxfires
61 creatures vanquished.

Vanquished Creatures (others)
  A hydra (Lair:4)
  A ghost crab (Swamp:1)
  An alligator (Swamp:1)
  2 bog bodies
  A cane toad (Lair:5)
  A gargoyle (D:9)
  A bloated husk (Swamp:1)
  A troll (D:11)
  A yak (Lair:3)
  2 swamp worms
  A centaur (D:7)
  An electric eel (Bailey)
  1055 foxfires
  41 fungi
  125 plants
1235 creatures vanquished.

Grand Total: 1860 creatures vanquished

Notes
Turn   | Place    | Note
-------+----------+-------------------------------------------
     0 | D:1      | unlimited1921 the Djinni Fire Elementalist began the quest
                  | for the Orb.
     0 | D:1      | unlimited1921 set off with the following spells memorised:
                  | Foxfire, Scorch, Conjure Flame, Inner Flame, Flame Wave.
     0 | D:1      | Reached XP level 1. HP: 15/15 MP: 0/0
   596 | D:1      | Reached XP level 2. HP: 17/21 MP: 0/0
  1011 | D:1      | Reached skill level 3 in Spellcasting
  1152 | D:1      | Found a faded altar of an unknown god.
  1173 | D:1      | Reached XP level 3. HP: 23/25 MP: 0/0
  1173 | D:1      | Learned a level 1 spell: Beastly Appendage
  1377 | D:2      | Noticed Terence
  1384 | D:2      | Killed Terence
  1385 | D:2      | Reached XP level 4. HP: 5/31 MP: 0/0
  1603 | D:2      | Identified the +1 leather armour of the Lily {Rampage
                  | Regen+ rCorr Str-4}
  1976 | D:3      | Found a transporter.
  2073 | D:3      | Found a transporter.
  2223 | D:3      | Reached skill level 4 in Spellcasting
  2223 | D:3      | Reached XP level 5. HP: 35/35 MP: 0/0
  2223 | D:3      | Learned a level 2 spell: Ensorcelled Hibernation
  2242 | D:3      | Found a glowing drain.
  2251 | Sewer    | Entered a sewer
  2324 | Sewer    | Noticed a kobold brigand
  2324 | Sewer    | Noticed a kobold brigand
  2332 | Sewer    | Killed a kobold brigand
  2332 | Sewer    | Killed a kobold brigand
  2333 | Sewer    | Reached skill level 1 in Armour
  2333 | Sewer    | Reached XP level 6. HP: 33/40 MP: 0/0
  2342 | Sewer    | Reached skill level 5 in Spellcasting
  3186 | D:3      | Found a bloodstained altar of Trog.
  3186 | D:3      | Found a stormy altar of Qazlal.
  3196 | D:3      | Became a worshipper of Qazlal Stormbringer
  3272 | D:3      | Reached XP level 7. HP: 45/45 MP: 0/0
  3272 | D:3      | Learned a level 3 spell: Ignite Poison
  4155 | D:4      | Noticed Sigmund
  4160 | D:4      | Killed Sigmund
  4161 | D:4      | Reached skill level 6 in Spellcasting
  5183 | D:5      | Entered Level 5 of the Dungeon
  5191 | D:5      | Noticed a steam dragon
  5196 | D:5      | Killed a steam dragon
  5197 | D:5      | Reached XP level 8. HP: 42/50 MP: 0/0
  5325 | D:5      | Reached * piety under Qazlal
  5347 | D:5      | Found a glowing golden altar of the Shining One.
  5378 | D:5      | Noticed Menkaure
  5381 | D:5      | Killed Menkaure
  5382 | D:5      | Reached skill level 7 in Spellcasting
  5534 | D:5      | Found a broken altar of Ashenzari.
  5564 | D:5      | Found Zin's Purification Station.
  5567 | D:5      | Found a glowing silver altar of Zin.
  5570 | D:5      | Gained mutation: You are weak. (Str -2) [potion of
                  | mutation]
  5570 | D:5      | Gained mutation: You expend health (3 HP) to strengthen
                  | your wands. [potion of mutation]
  5579 | D:5      | Lost mutation: You are weak. (Str -2) [potion of mutation]
  5579 | D:5      | Lost mutation: You expend health (3 HP) to strengthen your
                  | wands. [potion of mutation]
  5579 | D:5      | Gained mutation: Your spells are a little easier to cast,
                  | but a little less powerful. [potion of mutation]
  5579 | D:5      | Gained mutation: Your flesh is almost immune to the effects
                  | of heat. (rF+++) [potion of mutation]
  5580 | D:5      | Lost mutation: Your flesh is almost immune to the effects
                  | of heat. (rF+++) [potion of mutation]
  5580 | D:5      | Lost mutation: Your spells are a little easier to cast, but
                  | a little less powerful. [potion of mutation]
  5580 | D:5      | Gained mutation: You are dopey. (Int -2) [potion of
                  | mutation]
  5581 | D:5      | Lost mutation: You are dopey. (Int -2) [potion of mutation]
  5581 | D:5      | Gained mutation: You are frail. (-10% HP) [potion of
                  | mutation]
  5581 | D:5      | Gained mutation: You do not regenerate when monsters are
                  | visible. [potion of mutation]
  5582 | D:5      | Lost mutation: You are frail. (-10% HP) [potion of
                  | mutation]
  5582 | D:5      | Lost mutation: You do not regenerate when monsters are
                  | visible. [potion of mutation]
  5582 | D:5      | Gained mutation: You are robust. (+10% HP) [potion of
                  | mutation]
  5634 | D:5      | Found an iron altar of Okawaru.
  5708 | D:5      | Found an ornate altar of the Wu Jian Council.
  5887 | D:5      | Found a snail-covered altar of Cheibriados.
  5972 | D:5      | Reached XP level 9. HP: 58/60 MP: 0/0
  5972 | D:5      | Learned a level 4 spell: Anguish
  6238 | D:6      | Reached skill level 8 in Spellcasting
  6507 | D:6      | Found a hazy altar of Hepliaklqana.
  6555 | D:6      | Found a staircase to the Ecumenical Temple.
  6576 | Temple   | Entered the Ecumenical Temple
  6764 | D:6      | Reached ** piety under Qazlal
  6859 | D:6      | Reached skill level 9 in Spellcasting
  7442 | D:7      | Found a shadowy altar of Dithmenos.
  7751 | D:7      | Found a blossoming altar of Fedhas.
  7752 | D:7      | Found a sacrificial altar of Ru.
  7824 | D:7      | Reached skill level 1 in Invocations
  7904 | D:7      | Reached XP level 10. HP: 43/67 MP: 0/0
  8402 | D:8      | Found a flagged portal.
  8429 | D:8      | Reached *** piety under Qazlal
  8438 | D:8      | Reached skill level 10 in Spellcasting
  8484 | Bailey   | Entered a bailey
  8618 | Bailey   | Noticed an orc knight
  8635 | Bailey   | Killed an orc knight
  8695 | Bailey   | Reached skill level 1 in Fighting
  8949 | Bailey   | Found an iron altar of Okawaru.
  8949 | Bailey   | Noticed an orc sorcerer
  8957 | Bailey   | Noticed a soul eater
  8965 | Bailey   | Killed an orc sorcerer
  8966 | Bailey   | Reached skill level 11 in Spellcasting
  8991 | Bailey   | Reached XP level 11. HP: 73/73 MP: 0/0
  8991 | Bailey   | Learned a level 4 spell: Hailstorm
  9278 | D:8      | Reached **** piety under Qazlal
  9777 | D:8      | Noticed Erica
  9788 | D:8      | Killed Erica
 10026 | D:9      | Noticed a centaur warrior
 10028 | D:9      | Noticed a tengu warrior
 10032 | D:9      | Killed a centaur warrior
 10037 | D:9      | Killed a tengu warrior
 10038 | D:9      | Reached skill level 1 in Shields
 10038 | D:9      | Reached skill level 12 in Spellcasting
 10051 | D:9      | Reached skill level 5 in Invocations
 10075 | D:9      | Noticed a cyclops
 10079 | D:9      | Noticed a tengu warrior
 10082 | D:9      | Killed a cyclops
 10084 | D:9      | Noticed a centaur warrior
 10086 | D:9      | Killed a tengu warrior
 10090 | D:9      | Killed a centaur warrior
 10108 | D:9      | Reached XP level 12. HP: 55/81 MP: 0/0
 10314 | D:9      | Found Ythopseruj's Book Shop.
 10423 | D:9      | Found Mejahup's Jewellery Shoppe.
 10558 | D:9      | Identified the +8 scimitar "Maag" {freeze, Drain rN++
                  | Dex+5}
 10575 | D:9      | Found Zeonuso's Assorted Antiques.
 10583 | D:9      | Bought a scroll of identify for 54 gold pieces
 10583 | D:9      | Bought a scroll labelled JOROUV HAAMAG for 27 gold pieces
 10583 | D:9      | Bought a scroll labelled KOERYJUQ DOAFU for 27 gold pieces
 10583 | D:9      | Bought a potion of haste for 270 gold pieces
 10679 | D:9      | Acquired a manual of Invocations
 10894 | D:9      | Found Jajaxem's Book Shop.
 11224 | D:10     | Entered Level 10 of the Dungeon
 11247 | D:10     | Noticed Grum
 11250 | D:10     | Killed Grum
 11281 | D:10     | Reached skill level 13 in Spellcasting
 11472 | D:10     | Noticed Harold
 11482 | D:10     | Noticed Sonja
 11483 | D:10     | Killed Harold
 11495 | D:10     | Killed Sonja
 11542 | D:10     | Reached ***** piety under Qazlal
 12785 | D:11     | Found a staircase to the Lair.
 12959 | D:11     | Noticed Josephine
 12963 | D:11     | Killed Josephine
 13355 | D:11     | Found Varuobbe's Magic Scroll Shop.
 13361 | D:11     | Bought a scroll of identify for 32 gold pieces
 13361 | D:11     | Bought a scroll of identify for 32 gold pieces
 13474 | D:11     | Reached skill level 5 in Dodging
 13671 | D:11     | Reached skill level 14 in Spellcasting
 13674 | D:11     | Reached XP level 13. HP: 83/85 MP: 0/0
 13674 | D:11     | Learned a level 5 spell: Summon Mana Viper
 13810 | Lair:1   | Entered Level 1 of the Lair of Beasts
 13843 | Lair:1   | Reached skill level 1 in Long Blades
 14031 | Lair:1   | Noticed Nergalle
 14039 | Lair:1   | Killed Nergalle
 14120 | Lair:1   | Noticed a boulder beetle
 14132 | Lair:1   | Killed a boulder beetle
 14817 | Lair:2   | Found a runed translucent gate.
 14817 | Lair:2   | Found a runed translucent gate.
 14855 | Lair:2   | Found a runed translucent gate.
 14868 | Lair:2   | Noticed GravelGoth's ghost (journeyman KoEn)
 15048 | Lair:2   | Found a staircase to the Swamp.
 15065 | Swamp:1  | Entered Level 1 of the Swamp
 15090 | Swamp:1  | Reached skill level 15 in Spellcasting
 15180 | Swamp:1  | Noticed a thorn hunter
 15238 | Swamp:1  | Killed a thorn hunter
 15293 | Swamp:1  | Noticed a ghost crab
 15299 | Swamp:1  | Killed a ghost crab
 15515 | Swamp:1  | Reached XP level 14. HP: 63/93 MP: 0/0
 15801 | Swamp:1  | Reached skill level 5 in Armour
 16060 | Swamp:2  | Noticed a bunyip
 16122 | Lair:2   | Found a hole to the Spider Nest.
 16253 | Lair:2   | Noticed Fannar
 16262 | Lair:2   | Killed Fannar
 16699 | Lair:2   | Killed GravelGoth's ghost
 16700 | Lair:2   | Reached skill level 16 in Spellcasting
 17016 | Lair:3   | Identified the +8 morningstar "Miump" {chaos, Stlth+}
 17076 | Lair:3   | Reached ****** piety under Qazlal
 17130 | Lair:3   | Reached skill level 10 in Invocations
 18038 | Lair:4   | Reached XP level 15. HP: 95/97 MP: 0/0
 18038 | Lair:4   | Learned a level 6 spell: Summon Cactus Giant
 18054 | Lair:4   | Found a snail-covered altar of Cheibriados.
 18076 | Lair:4   | Found a viscous altar of Jiyva.
 18077 | Lair:4   | Found a staircase to the Slime Pits.
 18394 | Lair:4   | Reached skill level 17 in Spellcasting
 18797 | Lair:5   | Entered Level 5 of the Lair of Beasts
 19113 | Lair:5   | Found the +7 captain's cutlass {speed, disarm}
 20416 | Slime:1  | Entered Level 1 of the Pits of Slime
 20476 | Slime:1  | Noticed a quicksilver ooze
 20483 | Slime:1  | Killed a quicksilver ooze
 20534 | Slime:1  | Noticed a quicksilver ooze
 20541 | Slime:1  | Killed a quicksilver ooze
 20542 | Slime:1  | Reached skill level 18 in Spellcasting
 20576 | Slime:1  | Noticed an acid blob
 20587 | Slime:1  | Killed an acid blob
 20587 | Slime:1  | Splashed with acid

Illustrated notes

Levels and vault maps discovered:
D:1:      tarquinn_simple_flora_water_e, layout_loops_cross,
          shapermc_ecumenical_altar_mp_urbaneastern
D:2:      layout_basic, uniq_terence
D:3:      gammafunk_steamed_eel, layout_loops_ring,
          gammafunk_temple_overflow_wave, gup_sewer_entry_bubbles,
          bh_walls_and_bars
D:4:      nicolae_cairo_tiling_very_big, layout_loops_ring, serial_bayou,
          serial_bayou_pond_a, serial_bayou_lagoon_a, serial_bayou_pond_c,
          serial_bayou_pond_b, uniq_sigmund
D:5:      layout_basic, overflow_temple_1_default, nicolae_tso_carved_into_rock,
          zin_purify, kennysheep_okawaru_gauntlet, old_standard_altar,
          nicolae_overflow_crystal_walls, kennysheep_generic_room_10,
          uniq_menkaure
D:6:      layout_basic, lemuel_tele_altar, minmay_temple_entry_antechambers,
          minmay_liquid_box
D:7:      layout_gridville, general_overflow_altar,
          mainiacjoe_overflow_divided_tiny, minmay_misc_feat_chi
D:8:      layout_loops_cross, enter_bailey_5, uniq_erica
D:9:      layout_basic, serial_shops, shop_fountains, shop,
          nicolae_shop_hallway_plus, shop, minivault_28
D:10:     layout_basic, serial_glass, glass_columns_b, glass_columns_c,
          glass_columns_c, glass_columns_c, uniq_sonja, uniq_grum, uniq_harold
D:11:     layout_loops_corners, erik_lair_island, serial_shops,
          nicolae_square_shop, uniq_josephine
Temple:   eino_temple_lava
Lair:1:   layout_cellular_growth, grunt_megastairs_1, uniq_nergalle
Lair:2:   layout_regular_city, nicolae_swamp_entry_splash_gauntlet,
          hellmonk_spider_entry_not_the_bees, gammafunk_ghost_split,
          grunt_forest_small_clearing_treed, uniq_fannar
Lair:3:   layout_concentric_octagons, grunt_megastairs_5, serial_bayou_shore_b,
          lemuel_fruit_fields
Lair:4:   layout_loops_ring, minmay_slime_entry_pillars, kennysheep_snail_temple
Lair:5:   gammafunk_lair_ancient_temple, layout_cave_pods, lemuel_fruit_tree,
          lemuel_fruit_fields
Swamp:1:  layout_falls_marsh, serial_swamp_ruin, evilmike_swamp_ruin_house_1,
          evilmike_swamp_ruin_rubble_1
Swamp:2:  layout_basic_swamp, lemuel_altar_in_water, infiniplex_staircase_pool
Slime:1:  layout_caves, nicolae_slime_barrier

Skill      XL: |  1  2  3  4  5  6  7  8  9 10 11 12 13 14 15 |
---------------+----------------------------------------------+-----
Spellcasting   | 3 4 5 6 7 9 11 12 14 15 16 18 | 18.0
Armour         | 1 2 3 4 5 |  5.4
Stealth        | 2 3 |  3.0
Invocations    | 1 3 5 6 9 10 12 | 12.8
Dodging        | 3 5 6 |  6.5
Fighting       | 1 2 |  2.7
Shields        | 1 2 |  2.7
Long Blades    | 1 2 |  2.7
Evocations     | |  0.8

Action                   |  1- 3 |  4- 6 |  7- 9 | 10-12 | 13-15 || total
-------------------------+-------+-------+-------+-------+-------++-------
Melee: Short sword       |    12 |     1 |   123 |     4 |       ||   140
       Punch             |       |       |     2 |       |       ||     2
       Scimitar          |       |       |       |    11 |    33 ||    44
       Hand axe          |       |       |       |     2 |       ||     2
 Cast: Foxfire           |    44 |   173 |   130 |   246 |   114 ||   707
       Scorch            |    15 |     6 |    46 |    94 |   180 ||   341
       Inner Flame       |       |     9 |    43 |   100 |   117 ||   269
       Anguish           |       |       |     1 |    18 |    63 ||    82
       Flame Wave        |       |       |       |     3 |     2 ||     5
       Ensorcelled Hiber |       |       |       |     3 |     3 ||     6
       Hailstorm         |       |       |       |    27 |    36 ||    63
       Summon Mana Viper |       |       |       |       |    68 ||    68
       Ignite Poison     |       |       |       |       |     1 ||     1
       Summon Cactus Gia |       |       |       |       |    22 ||    22
Invok: Disaster Area     |       |       |       |       |     1 ||     1
Evoke: Wand              |       |       |       |     4 |       ||     4
  Use: Potion            |       |     2 |     6 |     2 |    11 ||    21
       Scroll            |       |       |     6 |    13 |     8 ||    27
Armor: Leather armour    |     1 |     1 |     8 |     8 |    51 ||    69
Dodge: Dodged            |     9 |     6 |    22 |   112 |   112 ||   261
       Repelled          |       |       |       |    10 |     4 ||    14
Block: Other             |       |       |     1 |    16 |       ||    17
       Orb               |       |       |       |     8 |    71 ||    79
